 Dungeon Crawl Stone Soup version 0.31-a0-167-g1c394c0614 (webtiles) character file.

Game seed: 1105198752993569894

99 qw the Shooter (level 4, -2/28 HPs)
             Began as a Gargoyle Hunter on June 14, 2023.
             Slain by a goblin
             ... wielding a +0 club
             ... led by Robin
              (3 damage)
             ... on level 3 of the Dungeon.
             The game lasted 00:00:39 (1442 turns).

qw the Shooter (Gargoyle Hunter)                    Turns: 1442, Time: 00:00:39

Health: -2/28      AC: 10    Str: 14    XL:     4   Next: 72%
Magic:  4/4        EV: 11    Int: 10    God:
Gold:   83         SH:  0    Dex: 15    Spells: 3/3 levels left

rFire   . . .        Y - +0 shortbow
rCold   . . .        (shield currently unavailable)
rNeg    + . .        h - +0 ring mail
rPois   inf          (no helmet)
rElec   +            (no cloak)
rCorr   .            c - +0 pair of gloves
SInv    .            (no boots)
Will    .....        (no amulet)
Stlth   +            (no ring)
HPRegen 0.24/turn    (no ring)
MPRegen 0.09/turn

%: no passive effects
@: no status effects
A: sickness immunity, AC +3, negative energy resistance 1, electricity
resistance, torment resistance 1, petrification resistance
a: no special abilities


You were on level 3 of the Dungeon.
You visited 1 branch of the dungeon, and saw 3 of its levels.

You collected 83 gold pieces.


Innate Abilities, Weirdness & Mutations

You are immune to sickness and miasma.
Your stone body is resilient. (AC +3)
You are immune to poison.
You resist negative energy. (rN+)
You are resistant to electric shocks. (rElec)
You are resistant to unholy torment.
You are immune to petrification.


   Skills:
 - Level 3.0 Fighting
 + Level 5.1 Ranged Weapons
 - Level 2.2 Armour
 - Level 1.5 Dodging
 - Level 1.1 Stealth


You had 3 spell levels left.
You didn't know any spells.
Your spell library was empty.

Inventory:

Hand Weapons
 Y - a +0 shortbow (weapon)
Armour
 c - a +0 pair of gloves (worn)
 h - a +0 ring mail (worn)
Scrolls
 a - a scroll of identify
Potions
 b - a potion of curing {unknown}
 d - a potion of degeneration {unknown}
 e - a potion of mutation {unknown}
 f - a potion of heal wounds {unknown}
 g - a potion of berserk rage {unknown}
 i - a potion of lignification {unknown}

Dungeon Overview and Level Annotations

Branches:
Dungeon (3/15)

Altars:

Annotations:
D:3 1 runed translucent door, Robin; qw's ghost, amateur NaHu


Message History

The goblin hits you with a +0 club.
You shoot an arrow. The arrow hits the hobgoblin.
You kill the hobgoblin!
The goblin barely misses you. The rat bites you but does no damage.
You shoot an arrow. The arrow closely misses the goblin.
The goblin hits you but does no damage. x2
The rat bites you but does no damage.
You shoot an arrow. The arrow closely misses the goblin.
The goblin hits you but does no damage. The rat bites you but does no damage.
The goblin hits you but does no damage.
You shoot an arrow. The arrow hits the goblin!
You kill the goblin!
A bat comes into view.
The goblin hits you but does no damage. The rat bites you but does no damage.
The rat completely misses you. The hobgoblin barely misses you.
The goblin hits you but does no damage.
You shoot an arrow. The arrow barely misses the bat.
The bat hits you but does no damage. The hobgoblin completely misses you.
The goblin hits you but does no damage. The rat misses you.
You shoot an arrow. The arrow barely misses the bat.
The goblin no longer looks unusually strong.
The bat barely misses you. The hobgoblin barely misses you. The rat bites you.
The goblin hits you with a +0 club.
Robin roars a battlecry!
The goblin goes into a battle-frenzy!
You shoot an arrow. The arrow hits the bat!
You kill the bat!
The hobgoblin hits you. The goblin barely misses you.
The rat bites you but does no damage.
You shoot an arrow. The arrow hits the hobgoblin.
The hobgoblin is almost dead.
The hobgoblin no longer looks unusually strong.
The hobgoblin hits you. The goblin barely misses you.
The rat bites you but does no damage. The hobgoblin misses you.
The goblin hits you but does no damage. The rat closely misses you.
You shoot an arrow. The arrow closely misses the hobgoblin.
The goblin no longer looks unusually strong.
The rat closely misses you. The hobgoblin barely misses you.
The goblin hits you with a +0 club.
You die...

..# .. .. #. .#
#. ###..#
#...#####.#..#
#...ggggrg)..#
##..#####@# .#
#......##g##.#.#
#......##......#
#..........#.###
#.#.###....#+###
#.#.###..%......
#.......#)......
#...###.#.......#
#. #<.#.......#


You could see Robin, 3 hobgoblins, 2 goblins and a rat.

Vanquished Creatures
  Jessica (D:2)
  2 adders
  A worm (D:2)
  4 ball pythons
  6 bats
  6 endoplasms
  A giant cockroach (D:2)
  10 goblins
  3 hobgoblins
  2 kobolds
  4 quokkas
  2 frilled lizards (D:2)
  3 rats
45 creatures vanquished.

Notes
Turn   | Place    | Note
-------+----------+-------------------------------------------
     0 | D:1      | qw the Gargoyle Hunter began the quest for the Orb.
     0 | D:1      | Reached XP level 1. HP: 12/12 MP: 1/1
     0 | D:1      | 0 ||| qw: Version: 0.2-a-29-g1fa15c8
     0 | D:1      | 0 ||| qw: Game counter: 5022
     0 | D:1      | 0 ||| qw: Always use a shield: true
     0 | D:1      | 0 ||| qw: God list: Okawaru
     0 | D:1      | 0 ||| qw: Allow faded altars: false
     0 | D:1      | 0 ||| qw: Do Orc after D:15 true
     0 | D:1      | 0 ||| qw: Do second Lair branch before Depths: true
     0 | D:1      | 0 ||| qw: Lair rune preference: random
     0 | D:1      | 0 ||| qw: Plans: Normal, Zot:1-4, Slime:5, God:TSO, Crypt,
                  | Tomb, Abyss, Pan, Hells, Win
     0 | D:1      | 0 ||| PLANNING D:1-11
   100 | D:1      | Reached XP level 2. HP: 17/17 MP: 2/2
   600 | D:1      | 600 ||| UPGRADING to +0 ring mail.
   610 | D:1      | 610 ||| DROPPING +0 leather armour.
   611 | D:1      | 611 ||| READING 2 scrolls labelled NOSOEWN NIUKK.
   612 | D:1      | 612 ||| READING scroll labelled JIEGUW PIANT.
   613 | D:1      | 613 ||| DROPPING scroll of butterflies.
   629 | D:2      | Reached XP level 3. HP: 21/21 MP: 3/3
   795 | D:2      | Noticed Jessica
   798 | D:2      | Killed Jessica
   853 | D:2      | Reached XP level 4. HP: 26/26 MP: 4/4
   880 | D:2      | Reached skill level 5 in Ranged Weapons
  1349 | D:2      | 1349 ||| UPGRADING to +0 pair of gloves.
  1369 | D:3      | Noticed qw's ghost (amateur NaHu)
  1369 | D:3      | Found a runed translucent door.
  1408 | D:3      | Noticed Robin
  1412 | D:3      | Reached skill level 3 in Fighting
  1439 | D:3      | HP: 7/28 [rat (3)]
  1440 | D:3      | HP: 2/28 [hobgoblin[Robin] (4)]
  1442 | D:3      | Slain by a goblin

Levels and vault maps discovered:
D:1:      wander_arrival_estate, layout_loops_ring
D:2:      layout_basic, uniq_jessica
D:3:      minmay_octagon_keep, layout_basic, nicolae_overflow_quartered_altars,
          hellmonk_ghost_happy_afterlife, uniq_robin, uniq_natasha, uniq_ijyb

Skill      XL: |  1  2  3  4 |
---------------+-------------+-----
Armour         | 2 |  2.2
Ranged Weapons | 5 |  5.1
Fighting       | 3 |  3.0
Dodging        | |  1.5
Stealth        | |  1.1

Action                     |  1- 3 |  4- 6 || total
---------------------------+-------+-------++-------
   Fire: Shortbow          |    83 |    90 ||   173
    Use: Scroll            |     2 |       ||     2
 Armour: Leather armour    |    14 |       ||    14
         Ring mail         |       |    52 ||    52
  Dodge: Dodged            |    18 |    68 ||    86

Table legend:
 A = Non-vault XP
 B = Vault XP
 C = Vault XP percentage of total XP
 D = Non-vault monster count
 E = Vault monster count
 F = Vault count percentage of total count
                 A         B        C        D         E       F
            +---------+---------+-------+---------+---------+-------
      Total |      91 |      51 |  35.9 |      37 |       8 |  17.8
            +---------+---------+-------+---------+---------+-------
        D:1 |      33 |       0 |   0.0 |      17 |       0 |   0.0
        D:2 |      39 |      37 |  48.7 |      16 |       1 |   5.9
        D:3 |      19 |      14 |  42.4 |       4 |       7 |  63.6
            +---------+---------+-------+---------+---------+-------
